AoeStats
← Tech.Cat

Arabia

505388539Analyzed
2v2 RM · 24d ago on Sep 9, 2026· 73m 1s· 4 players
Game mode
Random Map
Map size
Medium (4 player)
Population
200
Speed
Normal
Resources
Standard
Victory
Conquest
Starting age
Dark Age
Ending age
Imperial Age
RankedLock teamsTeams togetherTeam positionsShared explorationLock speedFull tech treeHidden civsTurbo modeCheats
Victory
Defeat
🇻🇳 Mongols · Vietnam
910
+14
🇫🇷 Byzantines · France
861
+17
🇨🇦 Teutons · Canada
893
-16
🇨🇦 Inca · Canada
854
-15
Bélisaire
0:28 Loom
13:33 Feudal Age
21:19 Castle Age
19:27 Man-at-Arms
21:32 Forging
21:23 Scale Mail Armor
22:17 Squires
23:56 Fletching
24:59 Gold Mining
24:59 Double-Bit Axe
27:20 Scale Barding Armor
27:21 Husbandry
31:28 Gold Shaft Mining
31:43 Bow Saw
34:39 Imperial Age
33:46 Iron Casting
33:59 Chain Barding Armor
33:29 Horse Collar
33:55 Stone Mining
36:05 Conscription
37:22 Heavy Plow
38:12 Logistica
41:03 Plate Barding Armor
41:19 Wheelbarrow
42:57 Elite Cataphract
47:13 Caravan
49:58 Stone Shaft Mining
53:18 Bodkin Arrow
55:58 Chemistry
55:18 Ballistics
55:19 Chain Mail Armor
55:04 Bracer
58:27 Bombard Tower
58:03 Elite Skirmisher
58:54 Thumb Ring
60:07 Greek Fire
61:38 Fervor
61:57 Long Swordsman
61:58 Pikeman
62:23 Gambesons
62:24 Arson
63:11 Plate Mail Armor
71:09 Capped Ram
hoasex12345
7:43 Loom
10:16 Feudal Age
19:40 Castle Age
27:34 Fletching
32:28 Bodkin Arrow
33:44 Horse Collar
38:33 Gold Mining
39:07 Bloodlines
38:59 Husbandry
39:12 Double-Bit Axe
40:37 Forging
40:32 Scale Barding Armor
48:17 Imperial Age
46:33 Gold Shaft Mining
48:04 Iron Casting
47:50 Chain Barding Armor
48:16 Stone Mining
48:21 Cavalier
51:59 Blast Furnace
54:42 Ballistics
55:23 Chemistry
54:39 Elite Mangudai
57:48 Conscription
58:21 Bow Saw
58:48 Stone Shaft Mining
58:42 Light Cavalry
59:35 Hussar
62:06 Bracer
62:08 Padded Archer Armor
62:13 Bracer
63:37 Siege Engineers
64:12 Thumb Ring
64:48 Parthian Tactics
69:19 Heavy Scorpion
71:31 Drill
Sir_ScrapsAlot
7:29 Loom
10:23 Feudal Age
12:15 Double-Bit Axe
13:35 Champi Runner
14:13 Horse Collar
16:57 Scale Mail Armor
17:08 Forging
23:14 Castle Age
21:02 Town Watch
21:12 Fletching
21:24 Arson
22:00 Gold Mining
23:56 Stone Mining
23:56 Champi Warrior
25:17 Iron Casting
25:53 Bow Saw
27:08 Wheelbarrow
31:04 Heavy Plow
31:26 Chain Mail Armor
31:08 Bodkin Arrow
33:45 Hand Cart
33:30 Town Patrol
33:04 Pikeman
33:45 Squires
33:50 Padded Archer Armor
34:51 Leather Archer Armor
38:30 Imperial Age
36:25 Ballistics
36:17 Masonry
36:07 Elite Skirmisher
37:27 Thumb Ring
38:44 Andean Sling
39:52 Stone Shaft Mining
39:45 Conscription
41:37 Crop Rotation
41:13 Fabric Shields
42:39 Halberdier
42:46 Capped Ram
46:28 Siege Engineers
46:21 Murder Holes
47:28 Hoardings
47:32 Elite Kamayuk
48:19 Siege Ram
51:02 Blast Furnace
53:10 Chemistry
56:09 Plate Mail Armor
55:40 Bracer
56:11 Ring Archer Armor
60:50 Elite Champi Warrior
Tech.Cat
8:26 Loom
10:44 Feudal Age
21:08 Double-Bit Axe
21:07 Horse Collar
29:56 Castle Age
32:26 Fletching
38:32 Heavy Plow
42:30 Bow Saw
49:14 Wheelbarrow
51:54 Forging
51:46 Scale Mail Armor
53:51 Iron Casting
53:36 Chain Mail Armor
56:43 Town Watch
62:08 Imperial Age
60:36 Iron Casting
59:56 Bodkin Arrow
60:06 Padded Archer Armor
60:32 Elite Skirmisher
61:23 Bodkin Arrow
65:25 Blast Furnace
66:12 Pikeman
67:22 Halberdier
68:03 Squires
67:50 Gambesons
69:01 Plate Mail Armor
68:46 Leather Archer Armor
70:30 Chemistry
69:50 Ballistics
Connection lost

Rejoining the realm…

Still unreachable

The connection could not be restored.

Session expired

The server has moved on; the page needs a fresh start.